 Seeded DCSS version 0.30-a0-58-gc0703345a7 (webtiles) character file.

Game seed: 2893118124589495399 (custom seed)

9 flotson the Sneak (level 2, -1/24 HPs)
             Began as a Demonspawn Delver on Sept 11, 2022.
             Slain by Terence
             ... wielding a +0 hand axe
              (5 damage)
             ... on level 3 of the Dungeon.
             The game lasted 00:00:44 (367 turns).

flotson the Sneak (Demonspawn Delver)                Turns: 367, Time: 00:00:44

Health: -1/24      AC:  3    Str: 12    XL:     2   Next: 3%
Magic:  2/2        EV: 12    Int: 11    God:
Gold:   38         SH:  4    Dex: 14    Spells: 1/1 levels left

rFire   . . .      SeeInvis .    a - +0 hand axe
rCold   . . .      Faith    .    (no shield)
rNeg    . . .      Spirit   .    b - +0 leather armour
rPois   .          Reflect  .    (no helmet)
rElec   .          Harm     .    h - scarf {repulsion}
rCorr   .          Rampage  .    (no gloves)
Will    .....                    (no boots)
Stlth   ++........               (no amulet)
HPRegen 0.08/turn                (no ring)
MPRegen 0.08/turn                (no ring)

@: hasted, repel missiles, very quick
A: condensation shield
a: no special abilities


You were on level 3 of the Dungeon.
You visited 1 branch of the dungeon, and saw 3 of its levels.

You collected 38 gold pieces.

Inventory:

Hand Weapons
 a - a +0 hand axe (weapon)
Armour
 b - a +0 leather armour (worn)
 h - a scarf of repulsion (worn)
Wands
 g - a wand of digging (3)
 i - a wand of flame (15)
Scrolls
 c - a scroll of fog
 d - a scroll of magic mapping
 e - a scroll of fear


   Skills:
 + Level 3.1 Fighting
 - Level 1.7 Axes
 + Level 0.5 Armour
 + Level 2.0 Dodging
 - Level 4.5 Stealth
 + Level 0.6 Evocations


You had one spell level left.
You didn't know any spells.
Your spell library was empty.

Dungeon Overview and Level Annotations

Branches:
Dungeon (5/15)
 Temple: D:4-7

Altars:
Fedhas
Wu Jian

Annotations:
D:3 Terence
D:4 Pikel


Innate Abilities, Weirdness & Mutations

A meltable shield of frost defends you. (SH +4)


Message History

The helpless Terence fails to defend himself.
You hit Terence.
Terence is lightly wounded.
Terence hits you with a +0 hand axe.
You hit Terence but do no damage.
Terence is lightly wounded.
Terence barely misses you.
You hit Terence but do no damage.
Terence is lightly wounded.
Terence closely misses you. Terence misses you.
You barely miss Terence.
Terence is lightly wounded.
Terence hits you with a +0 hand axe.
You hit Terence.
Terence is moderately wounded.
Terence hits you with a +0 hand axe.
You are too injured to fight recklessly!
You are too injured to fight recklessly!
You are too injured to fight recklessly!
You are too injured to fight recklessly!
You are too injured to fight recklessly!
You are too injured to fight recklessly!
You closely miss Terence.
Terence is moderately wounded.
You block Terence's attack.
You hit Terence.
Terence is moderately wounded.
Terence hits you with a +0 hand axe. Terence says, "Did you write a will?
You should..."
Terence hits you with a +0 hand axe.
* * * LOW HITPOINT WARNING * * *
You closely miss Terence.
Terence is moderately wounded.
Terence barely misses you.
You barely miss Terence.
Terence is moderately wounded.
Terence hits you with a +0 hand axe.
* * * LOW HITPOINT WARNING * * *
You feel yourself speed up. Terence hits you with a +0 hand axe.
You die...

......§≈.#
.≈≈≈≈≈.≈.#
.≈...≈.≈.#####
##
.≈._...≈......
># .≈..§§§≈..#
.# .≈≈§§≈.≈.##
.# ....§..≈.#
.# ≈.≈≈≈≈≈≈.#
###.#
.........#
###.@.#
#.#.######
##...#@......
#...#
###..##########
###.# #...##
###.######.###
...)).......#
............#
............#
....[.......#


You could see Terence.

Vanquished Creatures
  An orc (D:3)
  2 ball pythons (D:3)
  2 endoplasms (D:3)
  A kobold (D:3)
  A frilled lizard (D:3)
7 creatures vanquished.

Notes
Turn   | Place    | Note
-------+----------+-------------------------------------------
     0 | D:5      | flotson the Demonspawn Delver began the quest for the Orb.
     0 | D:5      | Reached XP level 1. HP: 18/18 MP: 1/1
    38 | D:5      | Noticed a hound
    57 | D:4      | Noticed a necrophage
    64 | D:4      | Noticed a lemure
    64 | D:4      | Noticed Pikel
    66 | D:4      | Noticed a scorpion
    75 | D:4      | Noticed a necrophage
    82 | D:3      | Found an ornate altar of the Wu Jian Council.
   121 | D:3      | Found a blossoming altar of Fedhas.
   160 | D:3      | Gained mutation: A meltable shield of frost defends you.
                  | (SH +4) [demonic ancestry]
   160 | D:3      | Reached XP level 2. HP: 10/24 MP: 2/2
   356 | D:3      | Noticed Terence
   367 | D:3      | Slain by Terence

Illustrated notes

Levels and vault maps discovered:
D:3:      layout_basic, mainiacjoe_overflow_concentric_impassable,
          xom_teletrap_fun, lemuel_crystal_altar,
          nicolae_hepliaklqana_hippocampus, uniq_ijyb, uniq_terence
D:4:      layout_rooms, zin_academy, kennysheep_little_box, uniq_pikel
D:5:      layout_loops_ring

Skill      XL: |  1 |
---------------+----+-----
Dodging        | 2 |  2.0
Fighting       | |  3.1
Axes           | |  1.7
Armour         | |  0.5
Stealth        | |  4.5
Evocations     | |  0.6

Action                   || total
-------------------------++-------
Melee: Hand axe          ||    28
       Punch             ||     1
  Use: Potion            ||     1
 Stab: Sleeping          ||     1
Armor: Leather armour    ||     3
Dodge: Dodged            ||    14
Block: Other             ||     2

Table legend: (Time is in decaauts)
 A = Elapsed time spent in this place.
 B = Non-inter-level travel time spent in this place.
 C = Inter-level travel time spent in this place.
 D = Time resting spent in this place.
 E = Time spent auto-exploring this place.
 F = Levels seen in this place.
 G = Mean time per level.
                   A        B        C        D        E       F      G
               +--------+--------+--------+--------+--------+-----+--------+
         Total |    372 |    362 |     10 |      0 |    276 |   3 |  124.0 |
       Dungeon |    372 |    362 |     10 |      0 |    276 |   3 |  124.0 |
               +--------+--------+--------+--------+--------+-----+--------+

Top non-repeatable levels by time:
     D:3: 296 daAuts
     D:5: 57 daAuts
     D:4: 19 daAuts
